 Dungeon Crawl Stone Soup version 0.21-a0-59-g7b0e191 (webtiles) character file.

1317 grindst0ne the Covert (level 8, -8/52 HPs)
             Began as a Vampire Enchanter on June 16, 2017.
             Was an Initiate of Ru.
             Mangled by a gargoyle
             ... wielding a +0 mace
              (11 damage)
             ... on level 6 of the Dungeon.
             The game lasted 00:23:56 (10357 turns).

grindst0ne the Covert (Vampire Enchanter)          Turns: 10357, Time: 00:23:57

Health: -8/52      AC:  7    Str:  7    XL:     8   Next: 33%
Magic:  7/11       EV: 12    Int: 17    God:    Ru [......]
Gold:   242        SH:  0    Dex: 17    Spells: 2/11 levels left

rFire    . . .     SeeInvis +   d - +1 short sword (venom)
rCold    + + .     Gourm    .   (no shield)
rNeg     + + +     Faith    .   z - +0 leather armour "Asoufrus" {rElec}
rPois    ∞         Spirit   .   k - +1 helmet
rElec    +         Reflect  .   m - +0 cloak
rCorr    .         Harm     .   C - +0 pair of gloves
MR       .....                  (no boots)
Stlth    +++++++...             (no amulet)
HPRegen  0.00/turn              (no ring)
MPRegen  0.12/turn              (no ring)

@: bloodless, non-regenerating
A: fangs 3, see invisible, unbreathing
a: Bat Form, Renounce Religion


You were on level 6 of the Dungeon.
You worshipped Ru.
Ru was noncommittal.
You were bloodless.

You visited 2 branches of the dungeon, and saw 7 of its levels.

You collected 242 gold pieces.

Inventory:

Hand Weapons
 a - a +1 dagger
 d - a +1 short sword of venom (weapon)
Armour
 b - a +0 robe
 f - a +0 helmet
 k - a +1 helmet (worn)
 m - a +0 cloak (worn)
 u - a cursed +0 buckler
 z - the +0 leather armour "Asoufrus" (worn) {rElec}
   (You found it on level 5 of the Dungeon)

   It insulates you from electricity.
 C - a +0 pair of gloves (worn)
Wands
 e - a wand of flame (23/48)
 s - a wand of flame (21/48)
Scrolls
 g - 5 scrolls of remove curse
 h - 6 scrolls of teleportation
 i - a scroll of blinking
 j - 3 scrolls of fear {unknown}
 n - a scroll of amnesia {unknown}
 r - a scroll of recharging {unknown}
 t - 3 scrolls of identify
 v - a scroll of enchant weapon {unknown}
 w - a scroll of magic mapping {unknown}
Potions
 l - 3 potions of curing
 p - 3 potions of lignification
 q - 6 potions of blood
 x - a potion of might {unknown}
 A - 2 potions of ambrosia
Books
 c - a book of Maledictions

   Spells                             Type                      Level
   a - Corona                         Hexes                        1
   b - Ensorcelled Hibernation        Hexes/Ice                    2
   c - Confuse                        Hexes                        3
   d - Tukima's Dance                 Hexes                        3
   e - Dazzling Spray                 Conjuration/Hexes            3
 y - a book of Conjurations

   Spells                             Type                      Level
   a - Magic Dart                     Conjuration                  1
   b - Searing Ray                    Conjuration                  2
   c - Dazzling Spray                 Conjuration/Hexes            3
   d - Fulminant Prism                Conjuration/Hexes            4
   e - Force Lance                    Conjuration/Translocation    4
   f - Iskenderun's Mystic Blast      Conjuration                  4
 B - a book of Misfortune

   Spells                             Type                      Level
   a - Confusing Touch                Hexes                        1
   b - Confuse                        Hexes                        3
   c - Gell's Gravitas                Translocation                3
   d - Petrify                        Transmutation/Earth          4
   e - Metabolic Englaciation         Hexes/Ice                    5
   f - Yara's Violent Unravelling     Hexes/Transmutation          5


   Skills:
 - Level 1.1 Short Blades
 - Level 2.1 Dodging
 + Level 11.8 Stealth
 - Level 2.0 Spellcasting
 + Level 10.9 Hexes


You had 2 spell levels left.
You knew the following spells:

 Your Spells              Type           Power        Failure   Level  Hunger
a - Confuse               Hex            #####...     1%          3    ###....
b - Ensorcelled Hibernat  Hex/Ice        ###...       4%          2    ###....
c - Tukima's Dance        Hex            #####...     1%          3    ###....
o - Corona                Hex            #####..      1%          1    #......


Dungeon Overview and Level Annotations

Branches:
Dungeon (6/15)             Temple (1/1) D:6

Altars:
Ashenzari
Dithmenos
Elyvilon
Fedhas
Hepliaklqana
Makhleb
Nemelex Xobeh
Okawaru
Qazlal
Ru
Trog
Uskayaw
Vehumet
Wu Jian
Xom
Yredelemnul
Zin
The Shining One

Shops:
D:4 :   D:6 (

Annotations:
D:6 Sigmund


Innate Abilities, Weirdness & Mutations

You do not heal naturally.
You are immune to poison.
You have razor-sharp teeth.
You have supernaturally acute eyesight. (SInv)
You can survive without breathing.


Message History

The orc wizard points at you and mumbles some strange words.
The magic dart hits you!
* * * LOW HITPOINT WARNING * * *
Sigmund moves out of view.
The orc closely misses you.
You hit the gargoyle but do no damage.
The gargoyle is almost destroyed.
The orc wizard casts a spell.
The orc wizard blinks!
The wight closely misses you. The gargoyle closely misses you.
The orc hits you from afar with a trident!
* * * LOW HITPOINT WARNING * * *
The orc wizard mumbles some strange words.
The orc wizard blinks!
Casting: Confuse
Confirm with . or Enter, or press ? or * to list all spells.
Aiming: Confuse
Press: ? - help, Shift-Dir - straight line, f/p - gargoyle
Aim: a gargoyle, wielding a mace (almost destroyed, chance to defeat MR: 49%)
The gargoyle resists with some effort.
The gargoyle hits you with a mace!
You die...

#.# #.# #.# #.#
#.# #.# #.#
##.#.####)####
....oo§@z#...#
##.####9##.....#
#.##.....#
#§##....z.#
#o.####...# #..
_#...# #.#
##...# #.#
..([.#


You could see a gargoyle, a wight, an orc wizard and 2 orcs.

Vanquished Creatures
  An ogre (D:4)
  2 centaurs (D:6)
  A bullfrog (D:6)
  A scorpion (D:6)
  8 wights
  2 howler monkeys (D:4)
  A crimson imp (D:5)
  2 hounds
  2 jellies (D:5)
  7 worker ants
  A hound skeleton (D:5)
  Robin (D:3)
  A gnoll (D:1)
  9 adders
  3 oozes
  An adder zombie (D:5)
  3 worms
  2 dart slugs
  2 leopard geckos
  11 orcs
  6 bats
  5 giant cockroaches
  17 hobgoblins
  10 jackals
  A quokka (D:3)
  2 ball pythons
  6 frilled lizards
  15 goblins
  5 kobolds (D:1)
  A leopard gecko skeleton (D:5)
  13 rats
142 creatures vanquished.

Vanquished Creatures (others)
  7 toadstools (D:1)
7 creatures vanquished.

Grand Total: 149 creatures vanquished

Notes
Turn   | Place    | Note
-------+----------+-------------------------------------------
     0 | D:1      | grindst0ne the Vampire Enchanter began the quest for the Orb.
     0 | D:1      | Reached XP level 1. HP: 13/13 MP: 3/3
   508 | D:1      | Reached XP level 2. HP: 19/19 MP: 5/5
   512 | D:1      | Learned a level 2 spell: Ensorcelled Hibernation
   686 | D:1      | Reached skill level 5 in Stealth
   905 | D:1      | Reached skill level 5 in Hexes
  1612 | D:1      | Reached XP level 3. HP: 24/24 MP: 1/6
  1617 | D:1      | Learned a level 3 spell: Confuse
  1885 | D:1      | Reached skill level 6 in Stealth
  3266 | D:1      | Reached XP level 4. HP: 30/30 MP: 7/7
  3323 | D:2      | Found a faded altar of an unknown god.
  3760 | D:2      | Found a bloodstained altar of Trog.
  4044 | D:2      | Found a blossoming altar of Fedhas.
  4457 | D:3      | Found a glowing silver altar of Zin.
  5009 | D:3      | Reached skill level 7 in Stealth
  5352 | D:3      | Reached XP level 5. HP: 34/35 MP: 5/8
  5504 | D:4      | Noticed Robin
  6027 | D:3      | Killed Robin
  6244 | D:4      | Got an encrusted ring mail
  6255 | D:4      | Identified the +5 ring mail of Caut {rN+ Int+3 Dex+6} (You found it on level 4 of the Dungeon)
  6320 | D:4      | Reached skill level 8 in Stealth
  6326 | D:4      | Reached XP level 6. HP: 41/41 MP: 6/9
  6914 | D:4      | Reached skill level 9 in Stealth
  6926 | D:4      | Learned a level 3 spell: Tukima's Dance
  6970 | D:4      | Found Ozap's Book Emporium.
  7185 | D:5      | Entered Level 5 of the Dungeon
  7367 | D:5      | Reached XP level 7. HP: 46/46 MP: 10/10
  7881 | D:5      | Reached skill level 10 in Stealth
  7911 | D:5      | Got a slimy leather armour
  7922 | D:5      | Identified the +0 leather armour "Asoufrus" {rElec} (You found it on level 5 of the Dungeon)
  8191 | D:6      | Found Weamonis's Weapon Emporium.
  8219 | D:6      | Found a staircase to the Ecumenical Temple.
  8231 | Temple   | Entered the Ecumenical Temple
  8302 | Temple   | Became a worshipper of Ru the Awakened
  9584 | D:6      | Reached skill level 10 in Hexes
  9592 | D:6      | Reached skill level 11 in Stealth
  9592 | D:6      | Reached XP level 8. HP: 52/52 MP: 11/11
  9860 | D:6      | Found a shattered altar of Ashenzari.
 10330 | D:6      | Noticed a gargoyle
 10355 | D:6      | Noticed Sigmund
 10357 | D:6      | Mangled by a gargoyle

Vault maps used:
D:1:      nagdon_arrival_double_spiral, serial_forest,
          infiniplex_forest_end_double, infiniplex_forest_clump_long,
          infiniplex_forest_clump_long, infiniplex_forest_clump_cross,
          infiniplex_forest_end_1, infiniplex_forest_zigzag_2,
          infiniplex_forest_diagonal, infiniplex_forest_clump_C,
          infiniplex_forest_clump_curved
D:2:      lemuel_doored_altar, lemuel_crystal_altar,
          chequers_ecumenical_altar_simple_redux, first_bread,
          minmay_misc_feat_hallway
D:3:      old_standard_altar
D:4:      serial_shops, nicolae_shop_waterfront, uniq_robin
D:5:      st_stairs_13
D:6:      old_forge, ashenzari_conservatory_becter,
          minmay_temple_entry_glassed_door, serial_shops, shop, uniq_grinder,
          uniq_sigmund
Temple:   jpeg_temple_clearing

Skill      XL: |  1  2  3  4  5  6  7 |
---------------+----------------------+-----
Stealth        | 5 6 7 8 9 11 | 11.8
Hexes          | 5 6 7 8 10 | 10.9
Short Blades   | |  1.1
Dodging        | |  2.1
Spellcasting   | |  2.0

Action                   |  1- 3 |  4- 6 |  7- 9 || total
-------------------------+-------+-------+-------++-------
Melee: Dagger            |    64 |       |       ||    64
       Bite              |     2 |    12 |    12 ||    26
       Short sword       |    45 |   134 |   153 ||   332
 Cast: Ensorcelled Hiber |    28 |    36 |    15 ||    79
       Confuse           |       |     1 |    16 ||    17
 Abil: End Transformatio |       |       |     1 ||     1
       Bat Form          |       |       |     1 ||     1
  Use: Potion            |     2 |     6 |     7 ||    15
       Scroll            |       |     6 |       ||     6
 Stab: Sleeping          |    22 |    37 |    16 ||    75
       Distracted        |     1 |       |     1 ||     2
       Confused          |       |       |    11 ||    11
Armor: Robe              |    25 |    31 |    10 ||    66
       Ring mail         |       |     3 |       ||     3
       Leather armour    |       |       |    11 ||    11
Dodge: Dodged            |    84 |    98 |    75 ||   257
